 Dungeon Crawl Stone Soup version 0.22-a0-897-g1b7a381375 (webtiles) character file.

527 IcyTea the Digger (level 7, -3/46 HPs)
             Began as a Demonspawn Earth Elementalist on July 31, 2018.
             Was an Initiate of Vehumet.
             Shot with an arrow by a centaur (9 damage)
             ... on level 5 of the Dungeon.
             The game lasted 00:18:19 (3807 turns).

IcyTea the Digger (Demonspawn Earth Elementalist)   Turns: 3807, Time: 00:18:19

Health: -3/46      AC:  2    Str:  9      XL:     7   Next: 2%
Magic:  0/13       EV: 14    Int: 18      God:    Vehumet [......]
Gold:   190        SH:  0    Dex:  6 (13) Spells: 5/14 levels left

rFire    . . .     SeeInvis .   u - +0 short sword
rCold    + . .     Gourm    +   (no shield)
rNeg     . . .     Faith    .   c - +0 robe
rPois    .         Spirit   +   (no helmet)
rElec    .         Reflect  .   (no cloak)
rCorr    .         Harm     .   (no gloves)
MR       .....                  (no boots)
Stlth    +.........             h - amulet of the gourmand
HPRegen  0.15/turn              i - ring of wizardry
MPRegen  0.26/turn              q - +1 ring of evasion

@: no status effects
A: repulsion field 1, cold resistance 1, magic shield, magic regeneration,
freezing cloud immunity
a: Renounce Religion


You were on level 5 of the Dungeon.
You worshipped Vehumet.
Vehumet was noncommittal.
You were very full.

You visited 2 branches of the dungeon, and saw 6 of its levels.

You collected 190 gold pieces.

Inventory:

Hand Weapons
 u - a +0 short sword (weapon)
Missiles
 b - 83 stones (quivered)
Armour
 c - a +0 robe (worn)
Jewellery
 h - an amulet of the gourmand (around neck)
 i - a ring of wizardry (left hand)
 l - an uncursed amulet of rage
 q - a +1 ring of evasion (right hand)
Wands
 s - a wand of random effects (32)
 y - a wand of iceblast (7)
Scrolls
 g - 3 scrolls of remove curse
 n - 5 scrolls of identify
 o - 3 scrolls of teleportation
Potions
 a - a potion of resistance
 j - a potion of curing {unknown}
 k - a potion of agility {unknown}
 m - a potion of mutation {unknown}
 p - a potion of might
 r - a potion of magic {unknown}
 t - a potion of brilliance {unknown}
 v - a potion of berserk rage {unknown}
 x - a potion of lignification {unknown}
Comestibles
 d - 8 rations


   Skills:
 - Level 1.7 Dodging
 - Level 1.7 Stealth
 - Level 4.2 Spellcasting
 + Level 1.6 Conjurations
   Level 0.8 Transmutations
 - Level 6.0 Earth Magic


You had 5 spell levels left.
You knew the following spells:

 Your Spells              Type           Power        Failure   Level  Hunger
a - Sandblast             Erth           ####..       1%          1    None
b - Stone Arrow           Conj/Erth      ###...       3%          3    ###....
c - Lee's Rapid Deconstr  Erth           ####......   14%         5    ######.

Your spell library contained the following spells:

 Spells                   Type           Power        Failure   Level  Hunger
 Animate Dead             Necr           N/A          47%         4    ####...
 Pain                     Necr           #...         6%          1    None
 Animate Skeleton         Necr           N/A          6%          1    None
 Vampiric Draining        Necr           #.........   17%         3    ###....
 Regeneration             Chrm/Necr      #.........   17%         3    ###....
 Passwall                 Tmut/Erth      ###.....     2%          2    ##.....
 Petrify                  Tmut/Erth      ###.....     14%         4    ####...


Dungeon Overview and Level Annotations

Branches:
Dungeon (5/15)             Temple (1/1) D:4

Altars:
Ashenzari
Cheibriados
Dithmenos
Elyvilon
Fedhas
Gozag
Hepliaklqana
Kikubaaqudgha
Makhleb
Nemelex Xobeh
Okawaru
Qazlal
Ru
Sif Muna
Trog
Uskayaw
Vehumet
Wu Jian
Xom
Yredelemnul
Zin
The Shining One

Shops:
D:4 [


Innate Abilities, Weirdness & Mutations

You are surrounded by a mild repulsion field. (EV +2)
Your flesh is cold resistant. (rC+)
When hurt, damage is shared between your health and your magic reserves.
You regenerate magic rapidly.
You are immune to freezing clouds.


Message History

b - 83 stones The shadow imp lashes its tail.
The shadow imp misses you.
You feel sick.
You are no longer poisoned.
The shadow imp gestures at you.
You struggle to resist. 2 zombies come into view.
You hear the slow rusting of a distant drain.
The shadow imp puffs mist at you.
Found a ring mail.
You see here a ring mail.
A centaur comes into view. It is wielding a spear.
The centaur shouts!
The centaur unwields an uncursed spear.
The centaur wields a shortbow.
The centaur shoots an arrow.
The arrow hits you.
* * * LOW HITPOINT WARNING * * *
You see here an arrow.
The centaur shoots an arrow.
The arrow hits you!
You die...

#.g####.## #..#..#.## ##..#......
********* #....#..... ,,,,,,,,*
#......._..
*******,*##############....#..Z..
*,,,,,,,,..>........[.5Z...#.....
,,,,,**,*##......(g.g..........##
*,,,,*,,,.......@#######..####.#.
*,,,,*,,,........# #.........
*,,,,,,,,.....$).# ##.........
****,,,,,........######g.###..###
,,,,,,,,,........)....w...g.....#
*****,,,,........############.#.#
,,,,,,,,,..c(....+,,,,,,,,* #g#.#
*,,,,,,,,........#*******,* #.#.#
*,**+****,.......* *,* #g..#


You could see a centaur, 2 gnolls, a shadow imp and a goblin skeleton.

Vanquished Creatures
  A black bear (D:5)
  A scorpion (D:5)
  A quasit (D:5)
  A hound (D:4)
  3 orc wizards
  Ijyb (D:3)
  A worker ant (Temple)
  2 gnolls (D:5)
  7 adders
  A white imp (D:5)
  An ooze (D:3)
  An adder zombie (D:4)
  2 worms
  A dart slug (D:2)
  3 leopard geckos
  6 orcs
  4 bats (D:1)
  7 giant cockroaches
  4 goblins
  5 hobgoblins
  10 jackals
  8 kobolds
  3 quokkas
  A ball python (D:1)
  5 frilled lizards
  3 hobgoblin zombies (D:5)
  A kobold zombie (D:5)
  7 rats
91 creatures vanquished.

Notes
Turn   | Place    | Note
-------+----------+-------------------------------------------
     0 | D:1      | IcyTea the Demonspawn Earth Elementalist began the quest for the Orb.
     0 | D:1      | Reached XP level 1. HP: 13/13 MP: 3/3
    41 | D:1      | Reached skill level 3 in Earth Magic
    90 | D:1      | Gained mutation: Your flesh is cold resistant. (rC+) [demonic ancestry]
    90 | D:1      | Reached XP level 2. HP: 18/19 MP: 0/5
   979 | D:1      | Gained mutation: When hurt, damage is shared between your health and your magic reserves. [demonic ancestry]
   979 | D:1      | Reached XP level 3. HP: 24/24 MP: 3/6
   984 | D:1      | Learned a level 3 spell: Stone Arrow
  1247 | D:2      | Reached skill level 4 in Earth Magic
  1690 | D:2      | Gained mutation: You are surrounded by a mild repulsion field. (EV +2) [demonic ancestry]
  1690 | D:2      | Reached XP level 4. HP: 25/30 MP: 5/7
  2197 | D:3      | Reached skill level 5 in Earth Magic
  2439 | D:3      | Reached XP level 5. HP: 35/35 MP: 4/8
  2622 | D:3      | Noticed Ijyb
  2627 | D:3      | Killed Ijyb
  2752 | D:4      | Found Xifeimuekk's Armour Shop.
  2786 | D:4      | Found a staircase to the Ecumenical Temple.
  2796 | Temple   | Entered the Ecumenical Temple
  2889 | Temple   | Became a worshipper of Vehumet
  2909 | D:4      | Reached skill level 6 in Earth Magic
  3121 | D:4      | Gained mutation: You are immune to freezing clouds. [demonic ancestry]
  3121 | D:4      | Reached XP level 6. HP: 41/41 MP: 6/9
  3172 | D:4      | Learned a level 5 spell: Lee's Rapid Deconstruction
  3637 | D:5      | Entered Level 5 of the Dungeon
  3706 | D:5      | Found a glowing golden altar of the Shining One.
  3732 | D:5      | Reached skill level 1 in Conjurations
  3770 | D:5      | Gained mutation: You regenerate magic rapidly. [demonic ancestry]
  3770 | D:5      | Reached XP level 7. HP: 14/46 MP: 4/13
  3807 | D:5      | Shot with an arrow by a centaur

Vault maps used:
D:1:      onia_arrival_pentagram, hex_medium, minivault_11
D:2:      lemuel_upstairs_altar
D:3:      uniq_ijyb
D:4:      minmay_temple_entry_purple_smoke, serial_shops, shop, first_ration
D:5:      nicolae_tso_besieged_by_evil, portal_sewer_entry_c,
          minmay_stone_trees_small
Temple:   grunt_wide_crystal_templ

Skill      XL: |  1  2  3  4  5  6 |
---------------+-------------------+-----
Earth Magic    | 3 4 5 6 |  6.0
Spellcasting   | 4 |  4.2
Conjurations   | 1 |  1.6
Dodging        | |  1.7
Stealth        | |  1.7
Transmutations | |  0.8

Action                   |  1- 3 |  4- 6 |  7- 9 || total
-------------------------+-------+-------+-------++-------
Melee: Club              |    41 |       |       ||    41
       Dagger            |    20 |    87 |       ||   107
       Short sword       |       |    15 |       ||    15
 Cast: Sandblast         |    36 |    79 |     2 ||   117
  Use: Scroll            |     5 |     2 |       ||     7
       Potion            |     1 |     2 |       ||     3
 Stab: Sleeping          |     6 |     3 |       ||     9
  Eat: Chunk             |     5 |    14 |       ||    19
Armor: Robe              |    13 |    17 |       ||    30
Dodge: Dodged            |    44 |   127 |     2 ||   173

Table legend:
 A = Spawn XP
 B = Non-spawn XP
 C = Spawn XP percentage of total XP
 D = Spawn monster count
 E = Non-spawn monster count
 F = Spawn count percentage of total count
 G = Total turns spent on level
                    A         B        C        D         E        F      G
               +---------+---------+-------+---------+---------+-------+---------
         Total |       0 |     753 |   0.0 |       0 |      91 |   0.0 |  3807
               +---------+---------+-------+---------+---------+-------+---------
           D:1 |       0 |      44 |   0.0 |       0 |      26 |   0.0 |  1144
           D:2 |       0 |      57 |   0.0 |       0 |      11 |   0.0 |   758
           D:3 |       0 |     172 |   0.0 |       0 |      28 |   0.0 |   840
           D:4 |       0 |     143 |   0.0 |       0 |      13 |   0.0 |   792
           D:5 |       0 |     304 |   0.0 |       0 |      12 |   0.0 |   170
        Temple |       0 |      33 |   0.0 |       0 |       1 |   0.0 |   103
               +---------+---------+-------+---------+---------+-------+---------
